 Dungeon Crawl Stone Soup version 0.21.1-1-g345015fe64 (webtiles) character file.

712 Marvel the Slasher (level 7, -1/61 HPs)
             Began as a Hill Orc Fighter on Feb 18, 2018.
             Was a Follower of Beogh.
             Slain by a manticore (2 damage)
             ... on level 7 of the Dungeon.
             The game lasted 00:15:18 (4847 turns).

Marvel the Slasher (Hill Orc Fighter)               Turns: 4847, Time: 00:15:19

Health: -1/61      AC:  8    Str: 26    XL:     7   Next: 68%
Magic:  16/16      EV:  8    Int:  8    God:    Beogh [*.....]
Gold:   265        SH: 10    Dex: 10    Spells: 6/6 levels left

rFire    . . .     SeeInvis .   a - +0 long sword
rCold    . . .     Gourm    +   c - +0 shield
rNeg     . . .     Faith    .   b - +0 scale mail
rPois    .         Spirit   .   (no helmet)
rElec    .         Reflect  .   (no cloak)
rCorr    .         Harm     .   (no gloves)
MR       .....                  q - +0 pair of boots
Stlth    ..........             y - amulet of the gourmand
HPRegen  0.20/turn              k - ring of magical power
MPRegen  0.15/turn              (no ring)

@: mighty
A: no striking features
a: Renounce Religion


You were on level 7 of the Dungeon.
You worshipped Beogh.
Beogh was aware of your devotion.
You were not hungry.

You visited 1 branch of the dungeon, and saw 7 of its levels.

You collected 265 gold pieces.

Inventory:

Hand Weapons
 a - a +0 long sword (weapon)
 v - a +0 war axe
Armour
 b - a +0 scale mail (worn)
 c - a +0 shield (worn)
 q - a +0 pair of boots (worn)
Jewellery
 k - a ring of magical power (left hand)
 u - an uncursed ring of teleportation
 y - an amulet of the gourmand (around neck)
Wands
 z - a wand of enslavement (13)
Scrolls
 e - 7 scrolls of remove curse
 g - 10 scrolls of identify
 h - 3 scrolls of teleportation
 i - 4 scrolls of fog {unknown}
 j - 2 scrolls of enchant weapon {unknown}
 p - a scroll of random uselessness {unknown}
 s - 2 scrolls of fear {unknown}
Potions
 d - a potion of might
 l - 2 potions of curing
 m - 2 potions of haste {unknown}
 n - 3 potions of mutation {unknown}
 o - 2 potions of berserk rage {unknown}
 r - a potion of brilliance {unknown}
 t - 2 potions of degeneration {unknown}
 w - a potion of heal wounds {unknown}
 x - 2 potions of lignification {unknown}
Comestibles
 f - 11 rations


   Skills:
 + Level 5.5 Fighting
 + Level 5.5 Long Blades
 + Level 5.3 Armour
 + Level 1.3 Dodging
 + Level 0.6 Stealth
 + Level 5.0 Shields


You had 6 spell levels left.
You didn't know any spells.

Dungeon Overview and Level Annotations

Branches:
Dungeon (7/15)
 Temple: D:4-7

Altars:
Sif Muna
Trog
Wu Jian
Yredelemnul

Annotations:
D:5 Eustachio
D:6 1 runed door, Blork the orc


Message History

The manticore barely misses you.
The manticore claws you but does no damage.
The manticore barely misses you.
You closely miss the manticore.
The manticore is moderately wounded.
You block the manticore's attack. x2; The manticore claws you.
* * * LOW HITPOINT WARNING * * *
You hit the manticore.
The manticore is heavily wounded.
The manticore bites you!
* * * LOW HITPOINT WARNING * * *
The manticore claws you.
* * * LOW HITPOINT WARNING * * *
The manticore claws you but does no damage.
You slash the manticore!
The manticore is severely wounded.
The manticore closely misses you.
You riposte.
You slash the manticore!
The manticore is almost dead.
The manticore claws you.
You die...

.............#.....#
............(#.....#
.............#.....#
.............#.....#
.##...###...
#....#### .######
...##.......# ..
#.......## ...
#.......# ...
+...@...# ....
#...H...# ###...###
#...# ..... .......
....... .#######.


You could see a manticore.

Vanquished Creatures
  An ogre (D:6)
  An ice beast (D:6)
  A centaur (D:6)
  2 crimson imps
  A bullfrog zombie (D:5)
  A hound (D:5)
  A centaur skeleton (D:5)
  3 worker ants
  An iguana (D:4)
  A howler monkey skeleton (D:6)
  9 adders
  A shadow imp (D:5)
  An adder skeleton (D:4)
  3 dart slugs (D:2)
  5 leopard geckos
  7 orcs
  8 giant cockroaches
  6 goblins
  8 hobgoblins
  6 jackals
  2 ball pythons
  6 bats
  5 frilled lizards
  4 kobolds
  10 rats
94 creatures vanquished.

Vanquished Creatures (others)
  A hound (D:4)
  3 orc priests (D:4)
  A worker ant (D:4)
  A frilled lizard (D:4)
6 creatures vanquished.

Grand Total: 100 creatures vanquished

Notes
Turn   | Place    | Note
-------+----------+-------------------------------------------
     0 | D:1      | Marvel the Hill Orc Fighter began the quest for the Orb.
     0 | D:1      | Reached XP level 1. HP: 19/19 MP: 1/1
    83 | D:1      | Reached XP level 2. HP: 23/27 MP: 2/2
   389 | D:1      | Reached XP level 3. HP: 32/33 MP: 3/3
  1208 | D:3      | Reached XP level 4. HP: 39/40 MP: 4/4
  2380 | D:3      | Found an ornate altar of the Wu Jian Council.
  2655 | D:4      | Reached XP level 5. HP: 40/47 MP: 5/5
  2668 | D:4      | Found a deep blue altar of Sif Muna.
  2687 | D:4      | Became a worshipper of Beogh the Brigand
  2700 | D:4      | Found a bloodstained altar of Trog.
  3511 | D:5      | Entered Level 5 of the Dungeon
  3517 | D:5      | Reached XP level 6. HP: 53/53 MP: 6/6
  3609 | D:5      | Noticed Eustachio
  3896 | D:5      | Reached skill level 5 in Fighting
  4117 | D:6      | Found a runed door.
  4239 | D:5      | Found a basalt altar of Yredelemnul.
  4377 | D:6      | Noticed Blork the orc
  4437 | D:7      | Reached * piety under Beogh
  4452 | D:7      | Reached skill level 5 in Armour
  4452 | D:7      | Reached skill level 1 in Dodging
  4452 | D:7      | Reached XP level 7. HP: 54/61 MP: 7/7
  4488 | D:6      | Reached skill level 5 in Long Blades
  4691 | D:6      | Reached skill level 5 in Shields
  4837 | D:7      | Noticed a manticore
  4846 | D:7      | HP: 1/61 [manticore (3)]
  4847 | D:7      | Slain by a manticore

Skill      XL: |  1  2  3  4  5  6  7 |
---------------+----------------------+-----
Fighting       | 4 5 |  5.5
Long Blades    | 3 4 5 |  5.5
Shields        | 4 5 |  5.0
Armour         | 4 5 |  5.3
Dodging        | 1 |  1.3
Stealth        | |  0.6

Action                   |  1- 3 |  4- 6 |  7- 9 || total
-------------------------+-------+-------+-------++-------
Melee: Long sword        |   129 |   292 |    31 ||   452
Invok: Convert to Beogh  |       |     1 |       ||     1
  Use: Scroll            |       |     3 |       ||     3
       Potion            |       |     1 |     2 ||     3
 Stab: Invisible         |       |       |     1 ||     1
  Eat: Chunk             |     1 |    11 |       ||    12
       Ration            |       |     1 |       ||     1
Armor: Scale mail        |    48 |   135 |     9 ||   192
Dodge: Dodged            |    33 |   103 |    12 ||   148
Block: Shield            |    84 |   146 |    17 ||   247
       Rpst.: Long sword |    12 |    34 |     1 ||    47
